Map: Cactus Valley LE (Void)

Players

Claire

  • Race: Zerg Zerg

Bop - Winner!

  • Race: Protoss Protoss

VOD

Have the link to the VOD?

Description

Time

  • Played on: May 3, 2015, 6:49 a.m.
  • Length: 11:49
Show
View Real Time Build Order
Export as new Build Order

Claire Zerg 

Build Orders: Hatch First 

Get SALT Encoding   

  12  0:01  Drone  
  13  0:12  Overlord  
  13  0:18  Drone  
  14  0:31  Drone x2  
  16  0:38  Drone  
  17  0:45  Drone  
  18  0:58  Hatchery  
  18  1:01  Drone  
  18  1:08  Drone  
  19  1:18  Spawning Pool  
  18  1:21  Drone  
  19  1:29  Drone  
  20  1:39  Drone  
  21  1:47  Hatchery  
  21  1:50  Drone  
  21  2:09  Queen  
  21  2:10  Queen  
  21  2:14  Zergling x2  
  21  2:15  Zergling x2  
  27  2:21  Overlord  
  27  2:25  Drone  
  28  2:46  Drone x4  
  28  2:47  Queen  
  28  2:49  Queen  
  36  2:55  Overlord  
  36  3:00  Queen  
  38  3:08  Drone x3  
  40  3:15  Drone x3  
  40  3:19  Drone x2  
  45  3:22  Drone  
  45  3:24  Extractor  
  45  3:25  Extractor  
  44  3:31  Roach Warren  
  44  3:32  Drone  
  44  3:36  Drone x2  
  46  3:42  Drone x4  
  50  3:50  Overlord  
  50  3:56  Extractor x2  
  46  4:03  Extractor  
  45  4:12  Roach x2  
  48  4:27  Drone x5  
  48  4:28  Drone x3  
  57  4:31  Roach  
  57  4:36  Overlord  
  57  4:37  Overlord x2  
  57  4:38  Lair  
  57  4:42  Evolution Chamber  
  56  5:02  Roach x8  
  70  5:18  Roach x4  
  70  5:19  Roach x2  
  73  5:31  Drone x6  
  73  5:33  Drone  
  74  5:38  Drone x2  
  66  5:45  Roach  
  64  5:50  Drone x2  
  56  5:58  Drone x2  
  51  6:11  Drone x2  
  50  6:29  Drone x2  
  44  6:40  Drone x2  
  42  7:00  Drone  
  38  7:13  Drone  
  29  7:25  Drone x2  
  30  7:31  Drone  
Show
View Real Time Build Order
Export as new Build Order

Bop Protoss - Winner!

Build Orders: Nexus First 

Get SALT Encoding   

  12  0:01  Probe  
  13  0:13  Probe  
  14  0:41  Nexus  
  14  0:50  Pylon  
  14  1:08  Probe (Chrono Boost)  
  14  1:09  Gateway  
  16  1:20  Probe (Chrono Boost)  
  16  1:23  Assimilator  
  16  1:26  Probe (Chrono Boost)  
  17  1:37  Probe (Chrono Boost)  
  18  1:43  Pylon  
  18  1:44  Probe (Chrono Boost)  
  19  1:53  Probe (Chrono Boost)  
  20  1:58  Cybernetics Core  
  20  2:00  Probe (Chrono Boost)  
  21  2:03  Probe (Chrono Boost)  
  21  2:07  Probe (Chrono Boost)  
  23  2:10  Probe  
  23  2:13  Gateway  
  24  2:20  Probe (Chrono Boost)  
  26  2:23  Probe (Chrono Boost)  
  26  2:32  Probe (Chrono Boost)  
  26  2:33  Probe (Chrono Boost)  
  28  2:37  Warp Gate (Chrono Boost)  
  28  2:38  Probe (Chrono Boost)  
  28  2:39  Adept (Chrono Boost)  
  28  2:40  Probe  
  32  2:49  Probe (Chrono Boost)  
  33  2:57  Probe (Chrono Boost), Assimilator  
  34  3:01  Probe (Chrono Boost)  
  34  3:02  Adept (Chrono Boost)  
  39  3:10  Adept (Chrono Boost)  
  39  3:23  Pylon  
  39  3:27  Gateway  
  39  3:28  Gateway  
  39  3:30  Gateway  
  39  3:33  Gateway  
  39  3:44  Probe (Chrono Boost)  
  39  3:45  Probe (Chrono Boost)  
  41  3:53  Gateway  
  41  3:55  Probe x2 (Chrono Boost), Gateway  
  41  4:03  Probe  
  41  4:04  Probe, Pylon  
  43  4:15  Probe  
  43  4:16  Probe  
  43  4:25  Pylon  
  43  4:29  Pylon  
  43  4:33  Forge  
  43  4:38  Pylon  
  43  4:46  Adept x5  
  43  4:47  Adept  
  55  5:11  Stalker x6  
  55  5:12  Stalker x2  
  65  5:32  Adept  
  65  5:33  Adept x5  
  71  5:51  Stalker x3  
  71  5:52  Stalker  
  71  5:55  Pylon  
  69  6:21  Adept x3  
  69  6:22  Adept x4  
  75  6:34  Probe  
  75  6:35  Probe  
  75  6:38  Assimilator  
  75  6:39  Stalker, Assimilator  
  79  6:46  Probe  
  75  6:47  Probe  
  75  6:51  Adept x4, Zealot  
  77  7:10  Zealot x3  
  73  7:26  Stalker x4  
  73  7:28  Probe x2 (Chrono Boost)  
  79  7:35  Pylon  
  81  7:38  Probe x2 (Chrono Boost)  
  81  7:45  Probe x2 (Chrono Boost)  
  83  7:57  Mothership Core (Chrono Boost)  
  85  7:59  Adept x3  
  85  8:03  Pylon  
  91  8:05  Pylon  
  91  8:07  Pylon  
  91  8:10  Stargate  
  87  8:25  Stalker x5  
  87  8:26  Zealot x2  
  99  8:59  Nexus  
  99  9:01  Pylon  
  99  9:02  Pylon  
  99  9:05  Pylon  
  99  9:29  Adept x6  
  99  9:30  Adept  
  113  9:39  Photon Cannon  
  113  9:40  Photon Cannon  
  113  9:46  Protoss Ground Weapons Level 1 (Chrono Boost)  
  113  9:58  Oracle (Chrono Boost)  
  116  10:07  Adept  
  116  10:08  Adept x7  
  132  10:27  Oracle  
  135  10:39  Adept  
  135  10:40  Adept x3  
  135  10:41  Sentry x4  
  151  11:27  Adept  
  153  11:37  Twilight Council  
  153  11:40  Forge  
  153  11:48  Photon Cannon x2  
Tags
 
Add a new tag
Caveats
  • Supply blocks, unpowered buildings, or Contaminate may cause inaccurate times.
  • Supply counts are checked every 10 seconds.